 Dungeon Crawl Stone Soup version 0.29-a0-100-g60f898f876 (webtiles) character file.

Game seed: 2361807578748169360

135 drugrobin the Poker (level 4, -1/36 HPs)
             Began as a Demigod Warper on Feb 15, 2022.
             Slain by a scorpion (4 damage)
             ... on level 4 of the Dungeon.
             The game lasted 00:07:00 (2856 turns).

drugrobin the Poker (Demigod Warper)                Turns: 2856, Time: 00:07:00

Health: -1/36      AC:  8    Str: 14 (16) XL:     4   Next: 66%
Magic:  9/9        EV: 10    Int: 12 (15) God:
Gold:   141        SH:  0    Dex: 11 (13) Spells: 4/6 levels left

rFire   + . .      SeeInvis .   a - +0 spear
rCold   + . .      Faith    .   (no shield)
rNeg    . . .      Spirit   .   q - +0 ring mail
rPois   +          Reflect  .   j - +0 helmet "Weenib" {rElec Will+}
rElec   +          Harm     .   (no cloak)
rCorr   +          Rampage  .   e - +1 pair of gloves
Will    +....                   (no boots)
Stlth   +.........              (no amulet)
HPRegen 0.12/turn               (no ring)
MPRegen 0.11/turn               (no ring)

@: lethally poisoned (-1 -> -5), resistant, hasted, invisible, very quick
A: high MP 1, forlorn, divine attributes
a: no special abilities


You were on level 4 of the Dungeon.
You visited 1 branch of the dungeon, and saw 4 of its levels.

You collected 141 gold pieces.

Inventory:

Hand Weapons
 a - a +0 spear (weapon)
 b - a +0 hunting sling
Missiles
 d - 5 boomerangs of dispersal
 i - 74 stones (quivered)
Armour
 e - a +1 pair of gloves (worn)
 j - the +0 helmet "Weenib" (worn) {rElec Will+}
   (You found it on level 2 of the Dungeon)

   rElec:     It insulates you from electricity.
   Will:      It increases your willpower.
 o - a +0 leather armour
 q - a +0 ring mail (worn)
Scrolls
 c - a scroll of blinking


   Skills:
 - Level 1.7 Fighting
 + Level 4.7 Polearms
 - Level 0.8 Throwing
 - Level 0.8 Armour
 - Level 1.7 Dodging
 - Level 1.7 Spellcasting
 - Level 2.6 Translocations


You had 4 spell levels left.
You knew the following spells:

 Your Spells              Type           Power      Damage    Failure   Level
a - Blink                 Tloc           14%        N/A       28%         2

Your spell library contained the following spells:

 Spells                   Type           Power      Damage    Failure   Level
 Gell's Gravitas          Tloc           7%         N/A       50%         3
 Lesser Beckoning         Tloc           7%         N/A       50%         3
 Teleport Other           Tloc           7%         N/A       50%         3
 Manifold Assault         Tloc           7%         N/A       99%         5


Dungeon Overview and Level Annotations

Branches:
Dungeon (3/15)             Temple (0/1) D:4


Innate Abilities, Weirdness & Mutations

You have an increased reservoir of magic. (+10% MP)
You shall have no god before yourself.
Your divine heritage dramatically boosts your attributes as you level up.


Message History

You feel sick.
You are no longer poisoned.
The scorpion closely misses you.
You hit the scorpion but do no damage.
The scorpion is moderately wounded.
The scorpion misses you.
You hit the scorpion.
The scorpion is moderately wounded.
The scorpion completely misses you.
You barely miss the scorpion.
The scorpion is moderately wounded.
The scorpion barely misses you.
You barely miss the scorpion.
The scorpion is moderately wounded.
The scorpion stings you.
You closely miss the scorpion.
The scorpion is moderately wounded.
The scorpion barely misses you.
It was a potion of haste.
You feel yourself speed up. The scorpion barely misses you.
You hit the scorpion but do no damage.
The scorpion is moderately wounded.
The scorpion stings you but does no damage.
You hit the scorpion.
The scorpion is heavily wounded.
The scorpion stings you.
* * * LOW HITPOINT WARNING * * *
You are lethally poisoned!
The scorpion poisons you!
It was a potion of degeneration.
There was something very wrong with that liquid.
You feel weakened.
You feel dopey.
You feel clumsy.
* * * LOW HITPOINT WARNING * * *
You feel sick.
Unknown command.
It was a potion of invisibility.
You fade into invisibility!
* * * LOW HITPOINT WARNING * * *
You feel sick. The scorpion stings you.
You die...

#........§.......####'###.##..
############............#.###'
#............#.....
#(...........#.....
#............#'##..
###+#######.....### #..†...#.
+.....# #..s...#..#.....#
#.@##.##..≈≈§...### ####
.##.≈≈§§≈.##.. ?..§§§≈≈≈§....
...§§≈>≈§≈.... ...§≈§≈≈≈≈....
....≈§§≈≈..... ...≈≈≈......
###..#...... #..####...


You could see a scorpion.

Vanquished Creatures
  A howler monkey (D:4)
  A centaur skeleton (D:4)
  2 adders (D:2)
  An adder skeleton (D:4)
  2 dart slugs
  4 endoplasms
  3 giant cockroaches
  3 goblins
  3 hobgoblins
  6 jackals (D:1)
  2 quokkas
  3 ball pythons
  2 bats (D:1)
  4 frilled lizards
  4 kobolds
  5 rats
46 creatures vanquished.

Notes
Turn   | Place    | Note
-------+----------+-------------------------------------------
     0 | D:1      | drugrobin the Demigod Warper began the quest for the Orb.
     0 | D:1      | Reached XP level 1. HP: 17/17 MP: 5/5
   189 | D:1      | Reached skill level 2 in Polearms
   609 | D:1      | Reached XP level 2. HP: 24/24 MP: 7/7
   642 | D:1      | Learned a level 2 spell: Blink
   899 | D:1      | Reached skill level 3 in Polearms
  1117 | D:2      | Reached XP level 3. HP: 24/29 MP: 8/8
  1523 | D:2      | Identified the +0 helmet "Weenib" {rElec Will+}
  2401 | D:3      | You fall into a shaft and drop 1 floor!
  2416 | D:4      | Reached skill level 4 in Polearms
  2416 | D:4      | Reached XP level 4. HP: 25/36 MP: 9/9
  2578 | D:4      | Found a staircase to the Ecumenical Temple.
  2856 | D:4      | Slain by a scorpion

Illustrated notes

Levels and vault maps discovered:
D:1:      sevenhm_arrival_forest_fort_small_4, layout_loops_ring,
          hangedman_abyss_or_decor_stabs
D:2:      layout_rooms
D:3:      layout_basic, grunt_dithmenos_smoke_and_mirrors, minivault_27,
          nrook_campfire
D:4:      layout_gridville, mainiacjoe_overflow_paths,
          lemuel_coloured_pillars_altar, minmay_temple_entry_mist

Skill      XL: |  1  2  3 |
---------------+----------+-----
Polearms       | 2 3 4 |  4.7
Fighting       | |  1.7
Throwing       | |  0.8
Armour         | |  0.8
Dodging        | |  1.7
Spellcasting   | |  1.7
Translocations | |  2.6

Action                   |  1- 3 |  4- 6 || total
-------------------------+-------+-------++-------
Melee: Spear             |   176 |    32 ||   208
       Punch             |     3 |     2 ||     5
 Fire: Hunting sling     |    18 |     6 ||    24
Throw: Stone             |    10 |       ||    10
       Dart              |       |     6 ||     6
 Cast: Blink             |       |     2 ||     2
  Use: Scroll            |     4 |     2 ||     6
       Potion            |       |     7 ||     7
 Stab: Sleeping          |     1 |       ||     1
Armor: Leather armour    |    35 |       ||    35
       Ring mail         |    19 |     9 ||    28
Dodge: Dodged            |    84 |    19 ||   103

Table legend: (Time is in decaauts)
 A = Elapsed time spent in this place.
 B = Non-inter-level travel time spent in this place.
 C = Inter-level travel time spent in this place.
 D = Time resting spent in this place.
 E = Time spent auto-exploring this place.
 F = Levels seen in this place.
 G = Mean time per level.
                   A        B        C        D        E       F      G
               +--------+--------+--------+--------+--------+-----+--------+
         Total |   2843 |   2780 |     63 |    444 |   1487 |   4 |  710.8 |
       Dungeon |   2843 |   2780 |     63 |    444 |   1487 |   4 |  710.8 |
               +--------+--------+--------+--------+--------+-----+--------+

Top non-repeatable levels by time:
     D:1: 1088 daAuts
     D:2: 972 daAuts
     D:4: 448 daAuts
     D:3: 334 daAuts
